 Dungeon Crawl Stone Soup version 0.23-a0-586-gacb4b3f (console) character file.

134248 Duffy the Severer (level 16, -5/152 HPs)
             Began as a Minotaur Gladiator on Dec 18, 2018.
             Was the Champion of Makhleb.
             Slain by a brown very ugly thing (15 damage)
             ... on level 4 of the Depths.
             The game lasted 00:33:53 (27242 turns).

Duffy the Severer (Minotaur Gladiator)             Turns: 27242, Time: 00:33:53

Health: -5/152     AC: 16    Str: 27    XL:     16   Next: 61%
Magic:  0/20       EV: 21    Int:  5    God:    Makhleb [******]
Gold:   1851       SH:  0    Dex: 11    Spells: 15/15 levels left

rFire    + . .     SeeInvis .   a - +6 executioner's axe (elec)
rCold    + . .     Gourm    .   (shield currently unavailable)
rNeg     . . .     Faith    .   D - +1 fire dragon scales
rPois    .         Spirit   +   c - +0 hat
rElec    .         Reflect  .   R - scarf {repulsion}
rCorr    .         Harm     .   S - +2 pair of gloves {archery}
MR       ++...                  W - +0 pair of boots of Fortification {rF- rC++}
Stlth    ..........             i - amulet of guardian spirit
HPRegen  0.35/turn              l - ring of protection from magic
MPRegen  0.17/turn              q - +6 ring of evasion

@: corroded, repel missiles
A: retaliatory headbutt, horns 2
a: Minor Destruction, Lesser Servant of Makhleb, Major Destruction, Greater
Servant of Makhleb, Renounce Religion


You were on level 4 of the Depths.
You worshipped Makhleb.
Makhleb was exalted by your worship.
You were hungry.

You visited 5 branches of the dungeon, and saw 27 of its levels.
You also visited: Gauntlet.

You collected 1981 gold pieces.
You spent 130 gold pieces at shops.

Inventory:

Hand Weapons
 a - a +6 executioner's axe of electrocution (weapon)
 K - a +2 scimitar of flaming
Missiles
 d - 5 throwing nets (quivered)
Armour
 c - a +0 hat (worn)
 D - +1 fire dragon scales (worn)
 H - a +0 pair of boots
 R - a scarf of repulsion (worn)
 S - a +2 pair of gloves of archery (worn)
 W - the +0 pair of boots of Fortification (worn) {rF- rC++}
   (You found it in a Gauntlet)

   It makes you vulnerable to fire.
   It greatly protects you from cold.
Jewellery
 i - an amulet of guardian spirit (around neck)
 l - a ring of protection from magic (left hand)
 q - a +6 ring of evasion (right hand)
 t - a +6 ring of evasion
 v - an uncursed ring of protection from cold
 E - an uncursed ring of positive energy
Wands
 k - a wand of flame (44)
 w - a wand of paralysis (10)
 z - a wand of polymorph (13)
 C - a wand of disintegration (11)
 I - a wand of digging (5)
 N - a wand of scattershot (5)
 T - a wand of enslavement (13)
 V - a wand of acid (15)
 X - a wand of iceblast (5)
Scrolls
 b - 9 scrolls of teleportation
 h - 7 scrolls of remove curse
 j - a scroll of fog
 n - 4 scrolls of immolation
 p - 2 scrolls of blinking
 r - 9 scrolls of enchant armour
 y - 4 scrolls of magic mapping
 F - 3 scrolls of fear
 Q - 3 scrolls of vulnerability
 U - a scroll of silence
Potions
 e - 2 potions of berserk rage
 g - 3 potions of resistance
 m - 7 potions of curing
 o - a potion of ambrosia
 A - 2 potions of haste
 B - 4 potions of cancellation
 G - 4 potions of might
 J - a potion of mutation {unknown}
 M - 2 potions of flight {unknown}
 O - 2 potions of agility
 P - 5 potions of heal wounds
 Y - a potion of invisibility
 Z - a potion of experience {unknown}
Miscellaneous
 u - a lightning rod (4/4)
 L - a phial of floods
Comestibles
 f - 31 rations
 s - 10 chunks of flesh


   Skills:
 + Level 16.7 Fighting
 * Level 20.2 Axes
 - Level 2.0 Throwing
 + Level 16.5 Armour
 + Level 10.9 Dodging
 - Level 7.0 Invocations
 - Level 6.1 Evocations


You had 15 spell levels left.
You didn't know any spells.
Your spell library contained the following spells:

 Spells                   Type           Power        Failure   Level  Hunger
 Beastly Appendage        Tmut           #.....       71%         1    ##.....
 Confusing Touch          Hex            #.....       71%         1    ##.....
 Flame Tongue             Conj/Fire      #....        71%         1    ##.....
 Magic Dart               Conj           #...         71%         1    ##.....
 Blink                    Tloc           N/A          83%         2    ###....
 Call Imp                 Summ           #.......     83%         2    ###....
 Corpse Rot               Necr           N/A          83%         2    ###....
 Ensorcelled Hibernation  Hex/Ice        #.....       83%         2    ###....
 Searing Ray              Conj           #.....       83%         2    ###....
 Slow                     Hex            #.......     83%         2    ###....
 Sticks to Snakes         Tmut           #.......     83%         2    ###....
 Sublimation of Blood     Necr           #.........   83%         2    ###....
 Throw Flame              Conj/Fire      #.....       83%         2    ###....
 Confuse                  Hex            #.......     97%         3    ####...
 Conjure Flame            Conj/Fire      #.......     97%         3    ####...
 Dazzling Spray           Conj/Hex       #.....       97%         3    ####...
 Gell's Gravitas          Tloc           #.........   97%         3    ####...
 Inner Flame              Hex/Fire       #.......     97%         3    ####...
 Mephitic Cloud           Conj/Pois/Air  #.......     97%         3    ####...
 Portal Projectile        Hex/Tloc       #.....       97%         3    ####...
 Spider Form              Tmut/Pois      #.........   97%         3    ####...
 Force Lance              Conj/Tloc      #.......     100%        4    #####..
 Fulminant Prism          Conj/Hex       #.........   100%        4    #####..
 Ice Form                 Ice/Tmut       #.......     100%        4    #####..
 Iskenderun's Mystic Bla  Conj           #.......     100%        4    #####..
 Petrify                  Tmut/Erth      #.......     100%        4    #####..
 Sticky Flame             Conj/Fire      #.......     100%        4    #####..
 Agony                    Necr           #.......     100%        5    ######.
 Blade Hands              Tmut           #.........   100%        5    ######.
 Bolt of Draining         Conj/Necr      #.........   100%        5    ######.
 Borgnjor's Vile Clutch   Necr/Erth      #.........   100%        5    ######.
 Dispel Undead            Necr           #.......     100%        5    ######.
 Excruciating Wounds      Chrm/Necr      #.........   100%        5    ######.
 Fireball                 Conj/Fire      #.........   100%        5    ######.
 Metabolic Englaciation   Hex/Ice        #.........   100%        5    ######.
 Silence                  Hex/Air        #.........   100%        5    ######.
 Yara's Violent Unravell  Hex/Tmut       #.........   100%        5    ######.
 Darkness                 Hex            #.........   100%        6    #######
 Dispersal                Tloc           #.........   100%        6    #######
 Shadow Creatures         Summ           N/A          100%        6    #######
 Controlled Blink         Tloc           N/A          100%        8    #######
 Disjunction              Tloc           #.........   100%        8    #######


Dungeon Overview and Level Annotations

Branches:
Dungeon (15/15)            Temple (1/1) D:5            Lair (6/6) D:10
 Shoals (0/4) Lair:4       Spider (0/4) Lair:2        Slime (0/5) Lair:6
    Orc (2/2) D:9             Elf (0/3) Orc:2        Vaults (0/5) D:13
 Depths (4/5) D:15

Altars:
Ashenzari
Cheibriados
Dithmenos
Elyvilon
Fedhas
Gozag
Hepliaklqana
Kikubaaqudgha
Makhleb
Nemelex Xobeh
Okawaru
Qazlal
Ru
Sif Muna
Trog
Uskayaw
Vehumet
Wu Jian
Xom
Yredelemnul
Zin
The Shining One
Beogh
Lugonu

Shops:
D:5 *   Orc:2 %(%=   Depths:1 }

Portals:
Hell: Depths:4

Annotations:
Lair:4 1 runed door


Innate Abilities, Weirdness & Mutations

You reflexively headbutt those who attack you in melee.
You have a pair of horns on your head.


Message History

You headbutt the storm dragon, but do no damage.
The storm dragon misses you.
The storm dragon tramples you but does no damage.
You slice the storm dragon!!
You kill the storm dragon!
Makhleb accepts your kill.
You feel better.
You slice the brown very ugly thing!!
You hear a horrible gurgling sound! x2
A brown ugly thing comes into view.
The brown very ugly thing tentacle-slaps you.
The acid corrodes you!
You are splashed with acid!
The acid burns!
You barely miss the brown very ugly thing.
You headbutt the brown very ugly thing.
The brown very ugly thing is moderately wounded.
A brown very ugly thing comes into view.
The brown very ugly thing tentacle-slaps you but does no damage.
You barely miss the brown very ugly thing.
The brown very ugly thing is moderately wounded.
The brown very ugly thing tentacle-slaps you!
You die...

~~~~~~~.##.#
#.##...#
........##.#
#.###.## ###+##+##
#.# #.# #.# #.# .
#.# #.# ...
#.###.##.....
#####.##.........
.##.....##.#..777..
....uuu@......7
'##'###.##.##'#
#.##.# .7 #....# .7
#....' .7 '.####
###


You could see 2 very ugly things and a brown ugly thing.

Vanquished Creatures
  A titan (Depths:4)
  A storm dragon (Depths:4)
  2 fire giants
  An orc warlord (Orc:1)
  An ironheart preserver (D:13)
  A vampire knight (Depths:2)
  A minotaur (Gauntlet)
  The ghost of tstbtto the Severer, a journeyman DDBe of Trog (Lair:4)
  A fire dragon (Lair:6)
  2 ettins
  An ice dragon (Depths:4)
  2 jiangshi (Depths:1)
  Erolcha (D:9)
  A rakshasa (Depths:4)
  7 hydras
  5 ogre magi
  9 death yaks
  Erica (D:10)
  31 two-headed ogres
  6 centaur warriors
  2 deep troll shamans (Depths:1)
  2 vampire magi (Depths:1)
  Urug (D:12)
  2 spriggan berserkers
  A soul eater (Gauntlet)
  Sonja (Lair:2)
  A deep elf knight (D:15)
  A fire crab (Lair:6)
  4 iron trolls
  5 skeletal warriors (D:11)
  A deep troll (shapeshifter) (D:15)
  3 wizards
  A glowing orange brain (D:15)
  3 unseen horrors
  6 deep trolls
  A harpy (shapeshifter) (D:15)
  A necromancer (Gauntlet)
  3 cyclopes
  A wolf spider (D:15)
  2 oklob plants
  3 manticores
  3 orc sorcerers
  A moth of wrath (shapeshifter) (D:13)
  4 deep elf magi
  A faun (Depths:4)
  17 ugly things
  2 merfolk sirens (Lair:4)
  6 black mambas
  2 molten gargoyles (Lair:6)
  A gargoyle (D:14)
  7 spiny frogs
  11 komodo dragons
  5 yaktaurs (Depths:1)
  3 merfolk
  A queen bee (shapeshifter) (D:12)
  8 trolls
  A polar bear (shapeshifter) (D:15)
  2 hornets
  9 slime creatures
  23 blink frogs
  Grinder (D:4)
  A polar bear (Lair:3)
  A blink frog (shapeshifter) (D:15)
  6 dream sheep (Lair:4)
  12 hippogriffs
  6 flying skulls (Gauntlet)
  2 vampires
  2 shadows
  Sigmund (D:6)
  3 water elementals
  9 wyverns
  19 yaks
  2 hungry ghosts
  Eustachio (D:4)
  A basilisk (Lair:3)
  2 golden eyes (shapeshifter)
  3 steam dragons
  Menkaure (D:7)
  10 vampire mosquitoes
  4 acid dragons
  2 soldier ants
  12 water moccasins
  3 hell hounds (Lair:6)
  8 porcupines
  Duvessa (D:6)
  5 sky beasts
  2 ice beasts
  13 orc warriors
  2 black bears
  2 phantoms
  A necrophage (D:6)
  27 ogres
  4 boggarts (D:14)
  A crocodile (shapeshifter) (Depths:4)
  5 centaurs
  3 wolves (Lair:5)
  16 crocodiles
  Blork the orc (D:6)
  The ghost of Ratty the Grave Robber, an amateur DENe (D:3)
  2 big kobolds
  10 bullfrogs
  Dowan (D:6)
  A wyvern skeleton (D:7)
  4 scorpions
  24 killer bees
  10 wights
  8 electric eels
  A vampire bat (D:3)
  4 howler monkeys
  2 crimson imps
  2 quasits
  4 lava snakes (Lair:6)
  A bullfrog zombie (D:5)
  4 centaur zombies
  3 jellies
  3 bullfrog skeletons
  4 orc priests
  4 centaur skeletons
  5 hounds
  Jessica (D:3)
  Ijyb (D:5)
  15 orc wizards
  5 hell rats (Lair:6)
  12 worker ants
  2 worker ant zombies
  9 adders
  7 shadow imps
  A white imp (Depths:1)
  An ooze (D:1)
  3 adder zombies
  4 adder skeletons
  2 worms (D:2)
  3 fire bats (D:3)
  8 leopard geckos
  62 orcs
  2 spectral bats (D:3)
  A ball python (D:1)
  21 bats
  3 bat skeletons (D:3)
  A bat zombie (D:3)
  3 giant cockroaches
  6 goblins
  6 hobgoblins
  6 jackals
  19 kobolds
  5 quokkas
  A bat simulacrum (D:3)
  11 frilled lizards
  A jackal zombie (D:5)
  A leopard gecko zombie (D:5)
  2 quokka skeletons
  A quokka zombie (D:5)
  7 rats
  A fungus (Lair:6)
  A plant (Lair:6)
756 creatures vanquished.

Vanquished Creatures (collateral kills)
  Snorg (D:10)
  A hydra (Lair:6)
  An ogre (Orc:2)
3 creatures vanquished.

Vanquished Creatures (others)
  A deep elf mage (D:15)
  A wolf spider zombie (D:15)
  A shadow (D:15)
  A basilisk (Lair:6)
  A boggart (D:14)
  A kobold (D:11)
  5 fungi
  26 plants
  13 toadstools (Lair:4)
50 creatures vanquished.

Grand Total: 809 creatures vanquished

Notes
Turn   | Place    | Note
-------+----------+-------------------------------------------
     0 | D:1      | Duffy the Minotaur Gladiator began the quest for the Orb.
     0 | D:1      | Reached XP level 1. HP: 18/18 MP: 0/0
    59 | D:1      | Reached skill level 4 in Axes
   325 | D:1      | Reached XP level 2. HP: 25/25 MP: 1/1
   564 | D:1      | Reached skill level 5 in Axes
   744 | D:1      | Reached XP level 3. HP: 27/30 MP: 2/2
  1107 | D:2      | Found a white marble altar of Elyvilon.
  1331 | D:3      | Found a faded altar of an unknown god.
  1343 | D:3      | Noticed Jessica
  1357 | D:3      | Killed Jessica
  1357 | D:3      | Reached skill level 6 in Axes
  1357 | D:3      | Reached XP level 4. HP: 9/37 MP: 3/3
  2562 | D:3      | Reached XP level 5. HP: 36/42 MP: 4/4
  2564 | D:3      | Reached skill level 7 in Axes
  2657 | D:3      | Found a runed gate.
  2658 | D:3      | Found a runed gate.
  2659 | D:3      | Found a runed gate.
  2662 | D:3      | Noticed Ratty's ghost (amateur DENe)
  2666 | D:3      | Killed Ratty's ghost
  2698 | D:3      | Found a shattered altar of Ashenzari.
  2843 | D:3      | Found a shimmering altar of Xom.
  2843 | D:3      | Found a sacrificial altar of Ru.
  2844 | D:3      | Found a stormy altar of Qazlal.
  2945 | D:3      | You fall through a shaft for 3 floors!
  2949 | D:6      | Found a hazy altar of Hepliaklqana.
  2960 | D:6      | Reached skill level 8 in Axes
  3028 | D:6      | Reached XP level 6. HP: 45/50 MP: 5/5
  3090 | D:6      | Reached skill level 9 in Axes
  3219 | D:5      | Entered Level 5 of the Dungeon
  3219 | D:5      | Noticed Ijyb
  3231 | D:5      | Killed Ijyb
  3280 | D:5      | Found Ipu Ixodgh's General Store.
  3293 | D:5      | Bought a potion of curing for 39 gold pieces
  3293 | D:5      | Bought a scroll of identify for 26 gold pieces
  3293 | D:5      | Bought a scroll of identify for 26 gold pieces
  3300 | D:5      | Bought a scroll of remove curse for 39 gold pieces
  3312 | D:5      | Reached XP level 7. HP: 54/56 MP: 6/6
  3377 | D:5      | Reached skill level 10 in Axes
  3480 | D:5      | Noticed a two-headed ogre
  3666 | D:4      | Reached skill level 1 in Armour
  4017 | D:4      | Noticed Grinder
  4018 | D:4      | Noticed Eustachio
  4023 | D:4      | Killed Grinder
  4023 | D:4      | Reached XP level 8. HP: 66/66 MP: 7/7
  4033 | D:4      | Killed Eustachio
  4033 | D:4      | Reached skill level 11 in Axes
  4384 | D:4      | Found a glowing golden altar of the Shining One.
  4644 | D:5      | Killed a two-headed ogre
  4644 | D:5      | Reached skill level 5 in Armour
  4822 | D:5      | Found a staircase to the Ecumenical Temple.
  4881 | D:5      | Reached XP level 9. HP: 58/75 MP: 8/8
  5057 | D:5      | Found a sparkling altar of Nemelex Xobeh.
  5115 | D:6      | Noticed Duvessa
  5115 | D:6      | Noticed Dowan
  5121 | D:6      | Killed Duvessa
  5131 | D:6      | Killed Dowan
  5131 | D:6      | Reached skill level 12 in Axes
  5317 | D:6      | Noticed Blork the orc
  5319 | D:6      | Found a sacrificial altar of Ru.
  5333 | D:6      | Killed Blork the orc
  5540 | Temple   | Entered the Ecumenical Temple
  5852 | D:6      | Found an opulent altar of Gozag.
  5852 | D:6      | Found an ancient bone altar of Kikubaaqudgha.
  5855 | D:6      | Found a hide-covered altar of Uskayaw.
  5958 | D:6      | Noticed Sigmund
  5967 | D:6      | Killed Sigmund
  5974 | D:6      | Found a basalt altar of Yredelemnul.
  6196 | D:7      | Found a burning altar of Makhleb.
  6204 | D:7      | Became a worshipper of Makhleb the Destroyer
  6500 | D:7      | Noticed Menkaure
  6511 | D:7      | Killed Menkaure
  6677 | D:7      | Reached * piety under Makhleb
  7154 | D:8      | Noticed a troll
  7179 | D:8      | Reached XP level 10. HP: 59/90 MP: 9/9
  7518 | D:8      | Reached skill level 13 in Axes
  7860 | D:8      | Found an ornate altar of the Wu Jian Council.
  8063 | D:9      | Reached ** piety under Makhleb
  8131 | D:9      | Found a snail-covered altar of Cheibriados.
  8136 | D:9      | Found a staircase to the Orcish Mines.
  8177 | D:9      | Noticed Erolcha
  8189 | D:9      | Killed Erolcha
  8544 | D:10     | Entered Level 10 of the Dungeon
  8544 | D:10     | Found a white marble altar of Elyvilon.
  8719 | D:10     | Noticed a two-headed ogre
  8720 | D:10     | Noticed Snorg
  8740 | D:10     | Found a staircase to the Lair.
  8787 | D:9      | Killed a two-headed ogre
  8787 | D:9      | Reached skill level 10 in Fighting
  8956 | D:10     | Reached skill level 10 in Armour
  9013 | D:10     | Noticed Erica
  9094 | D:10     | Killed Erica
  9094 | D:10     | Reached skill level 14 in Axes
  9094 | D:10     | Reached XP level 11. HP: 63/101 MP: 10/10
  9572 | D:11     | Reached *** piety under Makhleb
  9588 | D:11     | Noticed a two-headed ogre
  9612 | D:11     | Killed a two-headed ogre
  9686 | D:11     | Found a gate leading to a gauntlet.
  9703 | Gauntlet | Entered a Gauntlet
  9703 | Gauntlet | Found a transporter.
  9783 | Gauntlet | Found a transporter.
  9783 | Gauntlet | Noticed a soul eater
  9785 | Gauntlet | Found a transporter.
  9787 | Gauntlet | Found a transporter.
  9800 | Gauntlet | Found a transporter.
  9815 | Gauntlet | Found a transporter.
  9820 | Gauntlet | Found a transporter.
  9820 | Gauntlet | Noticed a death yak
  9826 | Gauntlet | Noticed a death yak
  9826 | Gauntlet | Noticed a death yak
  9828 | Gauntlet | Noticed a death yak
  9829 | Gauntlet | Noticed a death yak
  9831 | Gauntlet | Noticed a necromancer
  9835 | Gauntlet | Found a transporter.
  9854 | Gauntlet | Found a transporter.
  9856 | Gauntlet | Noticed an orange crystal statue
  9862 | Gauntlet | Noticed a death ooze
  9866 | Gauntlet | Found a transporter.
  9878 | Gauntlet | Found a transporter.
  9878 | Gauntlet | Noticed a ghost crab
  9890 | Gauntlet | Found a transporter.
  9890 | Gauntlet | Noticed an orange crystal statue
  9902 | Gauntlet | Found a transporter.
  9905 | Gauntlet | Noticed a death scarab
  9906 | Gauntlet | Noticed a death scarab
  9920 | Gauntlet | Found a transporter.
  9937 | Gauntlet | Found a transporter.
  9939 | Gauntlet | Found a transporter.
  9940 | Gauntlet | Noticed a sixfirhy
 10008 | Gauntlet | Found a transporter.
 10010 | Gauntlet | Found a transporter.
 10099 | Gauntlet | Killed a soul eater
 10295 | Gauntlet | Killed a death yak
 10297 | Gauntlet | Killed a death yak
 10298 | Gauntlet | Killed a necromancer
 10304 | Gauntlet | Killed a death yak
 10304 | Gauntlet | Reached skill level 15 in Axes
 10307 | Gauntlet | Killed a death yak
 10316 | Gauntlet | Killed a death yak
 10757 | Gauntlet | Noticed a minotaur
 10787 | Gauntlet | Killed a minotaur
 10787 | Gauntlet | Reached XP level 12. HP: 54/113 MP: 11/11
 10797 | Gauntlet | Got a pair of shimmering boots
 10936 | Gauntlet | Identified the +0 pair of boots of Fortification {rF- rC++}
                  | (You found it in a Gauntlet)
 11278 | D:11     | Noticed a two-headed ogre
 11287 | D:11     | Killed a two-headed ogre
 11598 | D:11     | Noticed a two-headed ogre
 11605 | D:11     | Killed a two-headed ogre
 11627 | D:11     | Reached **** piety under Makhleb
 11644 | D:11     | Noticed a two-headed ogre
 11649 | D:11     | Killed a two-headed ogre
 12129 | D:11     | Noticed a two-headed ogre
 12146 | D:11     | Killed a two-headed ogre
 12146 | D:11     | Reached skill level 16 in Axes
 12506 | D:12     | Found a blossoming altar of Fedhas.
 12589 | D:12     | Reached skill level 1 in Invocations
 12791 | D:12     | Noticed Urug
 12810 | D:12     | Killed Urug
 13797 | D:10     | Killed Snorg
 13873 | Orc:1    | Entered Level 1 of the Orcish Mines
 13886 | Orc:1    | Reached skill level 5 in Invocations
 14009 | Orc:2    | Entered Level 2 of the Orcish Mines
 14028 | Orc:2    | Paralysed by an orc sorcerer for 2 turns
 14074 | Orc:2    | Noticed an orc warlord
 14089 | Orc:1    | Reached XP level 13. HP: 79/122 MP: 8/16
 14354 | Orc:1    | Killed an orc warlord
 14373 | Orc:2    | Found a staircase to the Elven Halls.
 14606 | Orc:2    | Reached skill level 5 in Dodging
 14652 | Orc:2    | Found Saeshrosm's Food Shoppe.
 14652 | Orc:2    | Found Nanuz's Antique Weapon Boutique.
 14653 | Orc:2    | Found Maremi's Food Boutique.
 14653 | Orc:2    | Found Rannawno's Jewellery Emporium.
 14985 | Orc:2    | Found a roughly hewn altar of Beogh.
 15340 | Lair:1   | Entered Level 1 of the Lair of Beasts
 15577 | Lair:1   | Reached XP level 14. HP: 98/133 MP: 11/18
 15760 | Lair:1   | Reached ***** piety under Makhleb
 15760 | Lair:1   | Reached skill level 17 in Axes
 16238 | Lair:2   | Found a hole to the Spider Nest.
 16607 | Lair:2   | Noticed Sonja
 16629 | Lair:2   | Killed Sonja
 18126 | Lair:4   | Found a runed door.
 18132 | Lair:4   | Noticed tstbtto's ghost (journeyman DDBe)
 18170 | Lair:4   | Killed tstbtto's ghost
 18311 | Lair:4   | Found a staircase to the Shoals.
 18513 | Lair:4   | Reached skill level 15 in Fighting
 19126 | Lair:4   | Found a runed door.
 20045 | Lair:5   | Reached skill level 15 in Armour
 20063 | Lair:5   | Reached skill level 18 in Axes
 20873 | Lair:6   | Entered Level 6 of the Lair of Beasts
 21146 | Lair:6   | Reached skill level 1 in Evocations
 21265 | Lair:6   | Found a staircase to the Slime Pits.
 22198 | Lair:6   | Reached XP level 15. HP: 131/141 MP: 13/19
 22433 | Lair:6   | Identified 2 scrolls of acquirement
 22435 | Lair:6   | Got a slimy executioner's axe
 22436 | Lair:6   | Identified the +2 executioner's axe "Fusipsuz" {venom, +Fly
                  | rC- Int+7 Dex+4} (You acquired it on level 6 of the Lair of
                  | Beasts)
 22625 | Lair:6   | Reached skill level 5 in Evocations
 22750 | Lair:6   | Found a large runed door.
 22751 | Lair:6   | Found a large runed door.
 23229 | D:13     | Found a gate to the Vaults.
 23476 | D:13     | Reached ****** piety under Makhleb
 23481 | D:13     | Found a deep blue altar of Sif Muna.
 24258 | D:14     | Reached skill level 19 in Axes
 24961 | D:15     | Entered Level 15 of the Dungeon
 25326 | D:15     | Found a staircase to the Depths.
 25391 | D:15     | Identified the ring of Wiabb {rPois rC+ rN+}
 25430 | D:15     | Reached XP level 16. HP: 72/151 MP: 4/20
 26139 | D:15     | Reached skill level 10 in Dodging
 26202 | Depths:1 | Entered Level 1 of the Depths
 26589 | Depths:1 | Found Yppu's Gadget Shop.
 26935 | Depths:1 | You fall through a shaft!
 26947 | Depths:2 | Reached skill level 20 in Axes
 26948 | Depths:2 | You fall through a shaft for 2 floors!
 27063 | Depths:4 | Noticed a tentacled monstrosity
 27069 | Depths:4 | Found a gateway to Hell.
 27227 | Depths:4 | Noticed a titan
 27231 | Depths:4 | Noticed a storm dragon
 27237 | Depths:4 | Killed a titan
 27238 | Depths:4 | HP: 7/152 [storm dragon (2)]
 27238 | Depths:4 | HP: 2/152 [storm dragon (4)]
 27240 | Depths:4 | Killed a storm dragon
 27242 | Depths:4 | Slain by a brown very ugly thing

Vault maps used:
D:1:      scummos_arrival_forest
D:2:      marbit_many_paths, kennysheep_generic_room_13
D:3:      lemuel_crystal_altar, gammafunk_temple_overflow_claw,
          ebering_ghost_rock_garden, first_ration,
          chequers_ecumenical_altar_simple_redux, goddamned_bats, uniq_jessica
D:4:      lemuel_crystal_altar, uniq_grinder, uniq_eustachio
D:5:      lemuel_coloured_pillars_altar, temple_hall, serial_shops,
          nicolae_shop_temple_entry_statues_fountains, uniq_ijyb
D:6:      lemuel_crystal_altar, kennysheep_mini, nicolae_overflow_hidden_temple,
          nicolae_ru_awakened_eye, uniq_blork_the_orc, uniq_sigmund,
          uniq_duvessa
D:7:      nicolae_overflow_crystal_walls, uniq_menkaure
D:8:      kennysheep_little_box
D:9:      orc_0_dummy, basic_altar, uniq_erolcha
D:10:     lair_entry_dummy, basic_altar, hangedman_fish_farm,
          kennysheep_small_circle, uniq_erica, uniq_snorg
D:11:     gauntlet_entry_generic, kennysheep_generic_room_7
D:12:     basic_altar, uniq_urug
D:13:     skrybe_vaults_entry_preservation, basic_altar, eino_tiny_chamber
D:15:     gammafunk_enter_depths_forms, serial_park_paths,
          minmay_misc_feat_rugged, minmay_the_grid_square_5x5_3x3_mashed
Temple:   corrupted_temple
Lair:1:   infiniplex_staircase_pool_2
Lair:2:   spider_nest_entry_web_field, grunt_forest_large_clearing_hut,
          uniq_sonja
Lair:3:   beast_lair_carwin_9, grunt_megastairs_1, infiniplex_staircase_pool
Lair:4:   gammafunk_lair_enchanted_lake, elwin_shoals_entry_stream,
          hellmonk_ghost_happy_afterlife
Lair:6:   cheibrodos_lair_end_hotspot, minmay_slime_entry_pillars
Orc:2:    st_orc_ogre_mass, basic_altar
Depths:1: hangedman_coc_ice_floe, serial_shops, shop, nicolae_sextant,
          minmay_variable_closet, grunt_ministairs_10, minmay_misc_feat_chi,
          minmay_misc_feat_pillars, grunt_tower_of_power, serial_bayou_shore_b
Depths:2: kennysheep_scales, grunt_pan_entry_spiral, grunt_hell_entry_dis_mu,
          uniq_asterion
Depths:4: grunt_forest_end_winery, abyss_entry, hangedman_tar_grid_catacomb,
          kennysheep_nub, evilmike_ambush, uniq_margery, uniq_enchantress
Gauntlet: gammafunk_gauntlet_one_two_three

Skill      XL: |  1  2  3  4  5  6  7  8  9 10 11 12 13 14 15 16 |
---------------+-------------------------------------------------+-----
Axes           | 4 5 6 8 9 10 11 12 14 15 16 18 19 20 | 20.2
Fighting       | 4 6 8 10 12 13 14 15 16 | 16.7
Armour         | 3 5 8 10 12 13 14 15 16 | 16.5
Invocations    | 5 7 |  7.0
Dodging        | 6 8 9 10 | 10.9
Evocations     | 4 6 |  6.1
Throwing       | |  2.0

Action                   |  1- 3 |  4- 6 |  7- 9 | 10-12 | 13-15 | 16-18 || total
-------------------------+-------+-------+-------+-------+-------+-------++-------
Melee: War axe           |    83 |    99 |   283 |    31 |       |       ||   496
       Headbutt          |     8 |    16 |    56 |   118 |   208 |    47 ||   453
       Battleaxe         |       |       |       |   485 |   647 |       ||  1132
       Scimitar          |       |       |       |       |    21 |       ||    21
       Executioner's axe |       |       |       |       |   329 |   155 ||   484
Invok: Lesser Servant of |       |       |       |     5 |    11 |       ||    16
Evoke: Wand              |       |       |     2 |    23 |     9 |       ||    34
  Use: Scroll            |       |     7 |     4 |     3 |    18 |     4 ||    36
       Potion            |       |       |       |     1 |     2 |       ||     3
 Stab: Paralysed         |       |       |     4 |       |     1 |       ||     5
       Distracted        |       |       |       |       |     4 |       ||     4
  Eat: Chunk             |     1 |     7 |     8 |    16 |    12 |     3 ||    47
       Ration            |       |       |     1 |     3 |     8 |       ||    12
Armor: Leather armour    |     5 |       |       |       |       |       ||     5
       Ring mail         |    29 |    17 |       |       |       |       ||    46
       Chain mail        |       |     9 |     2 |       |       |       ||    11
       Plate armour      |       |       |   103 |   274 |   532 |     3 ||   912
       Fire dragon scale |       |       |       |       |       |    76 ||    76
Dodge: Dodged            |    61 |    59 |   196 |   414 |   899 |   178 ||  1807
       Deflected         |       |       |       |     6 |    28 |     2 ||    36
       Rpst.: Scimitar   |       |       |       |       |     3 |       ||     3

Table legend:
 A = Non-vault XP
 B = Vault XP
 C = Vault XP percentage of total XP
 D = Non-vault monster count
 E = Vault monster count
 F = Vault count percentage of total count
                 A         B        C        D         E       F
            +---------+---------+-------+---------+---------+-------
      Total |  122781 |   69003 |  36.0 |     578 |     182 |  23.9
            +---------+---------+-------+---------+---------+-------
        D:1 |      51 |       0 |   0.0 |      32 |       0 |   0.0
        D:2 |      84 |       3 |   3.4 |      15 |       2 |  11.8
        D:3 |      51 |     311 |  85.9 |      18 |      22 |  55.0
        D:4 |     282 |     463 |  62.1 |       9 |       2 |  18.2
        D:5 |    1452 |      36 |   2.4 |      23 |       1 |   4.2
        D:6 |    1059 |     539 |  33.7 |      23 |       4 |  14.8
        D:7 |     747 |     172 |  18.7 |      25 |       1 |   3.8
        D:8 |    1637 |       0 |   0.0 |      24 |       0 |   0.0
        D:9 |    1445 |     985 |  40.5 |      26 |       1 |   3.7
       D:10 |    1435 |    2239 |  60.9 |      12 |       5 |  29.4
       D:11 |   10833 |    1850 |  14.6 |      51 |       3 |   5.6
       D:12 |    2215 |     855 |  27.9 |      17 |       1 |   5.6
       D:13 |   11162 |    4230 |  27.5 |      43 |       9 |  17.3
       D:14 |   14645 |       0 |   0.0 |      36 |       0 |   0.0
       D:15 |    3495 |   12278 |  77.8 |      16 |      26 |  61.9
     Lair:1 |    2877 |       0 |   0.0 |      16 |       0 |   0.0
     Lair:2 |    3541 |    2319 |  39.6 |      19 |       4 |  17.4
     Lair:3 |    3129 |    1049 |  25.1 |      16 |       6 |  27.3
     Lair:4 |    2859 |    4110 |  59.0 |      11 |       7 |  38.9
     Lair:5 |    7882 |       0 |   0.0 |      25 |       0 |   0.0
     Lair:6 |   10307 |    8507 |  45.2 |      40 |      28 |  41.2
      Orc:1 |    3511 |       0 |   0.0 |      21 |       0 |   0.0
      Orc:2 |    2084 |   20663 |  90.8 |      18 |      42 |  70.0
   Depths:1 |   21457 |      10 |   0.0 |      29 |       1 |   3.3
   Depths:2 |    3328 |       0 |   0.0 |       3 |       0 |   0.0
   Depths:4 |   11213 |     539 |   4.6 |      10 |       1 |   9.1
   Gauntlet |       0 |    7845 | 100.0 |       0 |      16 | 100.0
            +---------+---------+-------+---------+---------+-------
